 Dungeon Crawl Stone Soup version 0.27.1-35-g4d5d836560 (console) character file.

Game seed: 12004265489758137879

1579782 Banquo the Conqueror (level 27, 249/249 HPs)
             Began as a Formicid Fighter on Feb 17, 2022.
             Was a High Priest of Cheibriados.
             Escaped with the Orb
             ... and 3 runes on Feb 21, 2022!
             The game lasted 10:06:27 (89103 turns).

Banquo the Conqueror (Formicid Fighter)            Turns: 89103, Time: 10:06:28

Health: 249/249    AC: 12    Str: 41    XL:     27
Magic:  52/52      EV: 36    Int: 27    God:    Cheibriados [*****.]
Gold:   3373       SH: 30    Dex: 37    Spells: 40/68 levels left

rFire    + + .     SeeInvis +   a - +9 battleaxe (protect)
rCold    + + +     Faith    .   i - +0 tower shield {rC+}
rNeg     . . .     Spirit   .   d - +2 robe of Vines {NoPotionHeal Regen+++}
rPois    +         Reflect  .   (helmet unavailable)
rElec    +         Harm     .   e - scarf {rC+ rF+}
rCorr    +         Rampage  .   g - +0 pair of gloves of Cyla {rElec Will+}
Will     +++..                  f - +3 pair of boots of the Original Sin {rC+ rCorr Dex+3}
Stlth    ++........             R - amulet of the Howling Traitor {+Blink Regen+ Dex+3}
HPRegen  4.51/turn              P - ring of poison resistance
MPRegen  0.33/turn              F - ring of Fekigh {rF+ MP+9 Dex+8}

@: studying 2 skills, very slow
A: permanent stasis, dig shafts and tunnels, antennae 3, four strong arms,
iridescent scales 1, deformed body, low mp 1
0: Orb of Zot
}: 3/15 runes: barnacled, silver, gossamer
a: Dig, Shaft Self, Renounce Religion, Bend Time, Temporal Distortion, Slouch,
Step From Time


You escaped.
You worshipped Cheibriados.
Cheibriados was extremely pleased with you.
You visited 10 branches of the dungeon, and saw 50 of its levels.
You visited the Abyss 1 time.
You also visited: Trove, Sewer and Ice Cave.

You collected 8412 gold pieces.
You spent 5039 gold pieces at shops.

Inventory:

Hand Weapons
 a - a +9 battleaxe of protection (weapon)
 b - the +5 spear of Springtime {venom, rC+++ rN+ Str+3 Dex+3}
   (You found it on level 1 of the Shoals)

   It poisons the flesh of those it strikes.
   Str:       It affects your strength (+3).
   Dex:       It affects your dexterity (+3).
   rC:        It renders you almost immune to cold.
   rN:        It protects you from negative energy.
 v - a +9 vampiric war axe
 N - a +2 battleaxe of flaming
 S - a +4 battleaxe of freezing
Missiles
 q - 137 boomerangs (quivered)
 O - 12 throwing nets
 U - 10 boomerangs of dispersal
Armour
 d - the +2 robe of Vines (worn) {NoPotionHeal Regen+++}
   (You found it on level 7 of the Dungeon)

   Its wearer cannot be healed by potions.
   Regen:     It increases your rate of health regeneration.
 e - a scarf of resistance (worn)
 f - the +3 pair of boots of the Original Sin (worn) {rC+ rCorr Dex+3}
   (You found it on level 2 of the Realm of Zot)

   Dex:       It affects your dexterity (+3).
   rC:        It protects you from cold.
   rCorr:     It protects you from acid and corrosion.
 g - the +0 pair of gloves of Cyla (worn) {rElec Will+}
   (You found it on level 5 of the Vaults)

   rElec:     It insulates you from electricity.
   Will:      It increases your willpower.
 i - a +0 tower shield of cold resistance (worn)
 w - +0 gold dragon scales
 L - a +0 pair of boots of flying
Jewellery
 c - an amulet of magic regeneration
 j - a ring of positive energy
 C - the ring of the Leaf {Str+5 Int+6}
   (You took it off a vault warden on level 5 of the Vaults)

   [ring of intelligence]

   Str:       It affects your strength (+5).
   Int:       It affects your intelligence (+6).
 E - the ring of Yendor {Wiz rElec SInv}
   (You bought it in a shop on level 2 of the Orcish Mines)

   [ring of wizardry]

   It improves your spell success rate.
   rElec:     It insulates you from electricity.
   SInv:      It lets you see invisible.
 F - the ring of Fekigh (right hand) {rF+ MP+9 Dex+8}
   (You took it off a deep elf demonologist on level 3 of the Elven Halls)

   [ring of magical power]

   Dex:       It affects your dexterity (+8).
   rF:        It protects you from fire.
   MP:        It affects your magic capacity (+9).
 K - a +4 ring of slaying
 P - a ring of poison resistance (left hand)
 R - the amulet of the Howling Traitor (around neck) {+Blink Regen+ Dex+3}
   (You took it off a boggart on level 4 of the Vaults)

   [amulet of regeneration]

   Dex:       It affects your dexterity (+3).
   +Blink:    It lets you blink.
   Regen:     It increases your rate of health regeneration.
 W - the amulet of the Four Winds {rN+ Will+++ Clar}
   (You bought it in a shop on level 4 of the Vaults)

   [amulet of nothing]

   rN:        It protects you from negative energy.
   Clar:      It protects you against confusion.
   Will:      It greatly increases your willpower.
Wands
 n - a wand of mindburst (18)
 t - a wand of iceblast (95)
 x - a wand of acid (39)
 D - a wand of digging (18)
Scrolls
 m - 2 scrolls of magic mapping
 o - a scroll of amnesia
 r - 12 scrolls of enchant armour
 y - 9 scrolls of silence
 G - 10 scrolls of fog
 H - 6 scrolls of holy word
 J - a scroll of fear
 X - 4 scrolls of noise
 Y - a scroll of enchant weapon
Potions
 h - 7 potions of ambrosia
 k - 28 potions of curing
 l - 7 potions of brilliance
 p - 4 potions of mutation
 s - 9 potions of heal wounds
 u - 16 potions of flight
 z - 5 potions of resistance
 A - 6 potions of might
 B - 5 potions of cancellation
 Q - 3 potions of magic
 T - 2 potions of invisibility
Miscellaneous
 I - a box of beasts
 M - a phantom mirror
 V - a lightning rod (4/4)


   Skills:
 O Level 27 Fighting
 - Level 19.9(20.0) Axes
 - Level 2.0(13.7) Maces & Flails
 - Level 12.5 Armour
 * Level 16.9 Dodging
 - Level 10.0 Stealth
 + Level 23.2 Shields
 - Level 21.0 Spellcasting
 - Level 9.0 Conjurations
 - Level 3.0 Transmutations
 - Level 16.0 Ice Magic
 - Level 11.0 Earth Magic
 - Level 7.1 Poison Magic
 - Level 12.0 Invocations


You had 40 spell levels left.
You knew the following spells:

 Your Spells              Type           Power      Damage    Failure   Level
a - Ozocubu's Armour      Ice            86%        N/A       0%          3
i - Iron Shot             Conj/Erth      35%        9d7       3%          6
l - Lee's Rapid Deconstr  Erth           36%        3d19*     1%          5
p - Ignite Poison         Fire/Tmut/Pois 46%        N/A       1%          3
r - Ozocubu's Refrigerat  Ice            43%        4d13      1%          7
O - Olgreb's Toxic Radia  Pois           61%        N/A       1%          4

Your spell library contained the following spells:

 Spells                   Type           Power      Damage    Failure   Level
 Sandblast                Erth           100%       2d20      0%          1
 Frozen Ramparts          Ice            100%       1d12      0%          3
 Animate Skeleton         Necr           56%        N/A       1%          1
 Corona                   Hex            31%        N/A       1%          1
 Magic Dart               Conj           100%       1d8       1%          1
 Pain                     Necr           100%       1d9       1%          1
 Shock                    Conj/Air       100%       1d9       1%          1
 Sting                    Tmut/Pois      100%       1d8       1%          1
 Summon Small Mammal      Summ           100%       N/A       1%          1
 Ensorcelled Hibernation  Hex/Ice        100%       N/A       1%          2
 Passwall                 Tmut/Erth      50%        N/A       1%          2
 Slow                     Hex            28%        N/A       1%          2
 Static Discharge         Conj/Air       51%        N/A       1%          2
 Conjure Flame            Conj/Fire      51%        6-21      1%          3
 Mephitic Cloud           Conj/Pois/Air  55%        N/A       1%          3
 Stone Arrow              Conj/Erth      100%       3d13      1%          3
 Animate Armour           Summ/Erth      100%       N/A       1%          4
 Ice Form                 Ice/Tmut       68%        N/A       1%          4
 Leda's Liquefaction      Hex/Erth       27%        N/A       1%          4
 Summon Ice Beast         Ice/Summ       64%        N/A       1%          4
 Freezing Cloud           Conj/Ice/Air   32%        6-21      1%          5
 Metabolic Englaciation   Hex/Ice        32%        N/A       1%          5
 Fulminant Prism          Conj/Hex       25%        3d14      2%          4
 Sticky Flame             Conj/Fire      51%        2d7       2%          4
 Bolt of Magma            Conj/Fire/Erth 29%        4d13      2%          5
 Call Canine Familiar     Summ           28%        N/A       4%          3
 Confusing Touch          Hex            28%        N/A       4%          3
 Gell's Gravitas          Tloc           14%        N/A       4%          3
 Inner Flame              Hex/Fire       28%        N/A       4%          3
 Lesser Beckoning         Tloc           14%        N/A       4%          3
 Portal Projectile        Hex/Tloc       56%        N/A       4%          3
 Summon Guardian Golem    Hex/Summ       28%        N/A       4%          3
 Teleport Other           Tloc           28%        N/A       4%          3
 Tukima's Dance           Hex            28%        N/A       4%          3
 Vampiric Draining        Necr           14%        2d8       4%          3
 Alistair's Intoxication  Tmut/Pois      35%        N/A       4%          5
 Fireball                 Conj/Fire      25%        3d11      6%          5
 Lightning Bolt           Conj/Air       25%        1d41      6%          5
 Simulacrum               Ice/Necr       32%        N/A       8%          6
 Blade Hands              Tmut           22%        N/A       11%         5
 Statue Form              Tmut/Erth      40%        N/A       12%         6
 Cause Fear               Hex            14%        N/A       14%         4
 Dispel Undead            Necr           28%        3d13      14%         4
 Passage of Golubria      Tloc           N/A        N/A       14%         4
 Yara's Violent Unravell  Hex/Tmut       18%        3d9       21%         5
 Conjure Ball Lightning   Conj/Air       25%        3x3d7     32%         6
 Starburst                Conj/Fire      25%        6d8       32%         6
 Agony                    Necr           28%        N/A       36%         5
 Excruciating Wounds      Necr           14%        N/A       36%         5
 Manifold Assault         Tloc           28%        N/A       36%         5
 Silence                  Hex/Air        14%        N/A       36%         5
 Summon Forest            Summ/Tloc      14%        N/A       36%         5
 Summon Mana Viper        Hex/Summ       28%        N/A       36%         5
 Lehudib's Crystal Spear  Conj/Erth      35%        10d9      83%         8
 Spellforged Servitor     Conj/Summ      25%        N/A       88%         7
 Polar Vortex             Ice            43%        N/A       89%         9
 Dispersal                Tloc           14%        N/A       91%         6
 Invisibility             Hex            14%        N/A       91%         6
 Shadow Creatures         Summ           N/A        N/A       91%         6
 Dragon Form              Tmut           22%        N/A       98%         7
 Storm Form               Tmut/Air       18%        N/A       99%         7
 Haunt                    Necr/Summ      14%        N/A       100%        7
 Borgnjor's Revivificati  Necr           14%        N/A       100%        8
 Discord                  Hex            14%        N/A       100%        8
 Disjunction              Tloc           14%        N/A       100%        8
 Ignition                 Fire           14%        3d6       100%        8
 Maxwell's Capacitive Co  Air            14%        ∞         100%        8
 Necromutation            Tmut/Necr      18%        N/A       100%        8
 Chain Lightning          Conj/Air       25%        3d34      100%        9
 Death's Door             Necr           14%        N/A       100%        9
 Fire Storm               Conj/Fire      25%        8d7       100%        9
 Blink                    Tloc           Unusable   N/A       N/A         2
 Swiftness                Air            Unusable   N/A       N/A         3

Dungeon Overview and Level Annotations

Branches:
Dungeon (15/15)            Temple (1/1) D:6            Lair (6/6) D:9
 Shoals (4/4) Lair:3       Spider (4/4) Lair:2        Slime (0/5) Lair:6
    Orc (2/2) D:12            Elf (3/3) Orc:2        Vaults (5/5) D:13
  Crypt (0/3) Vaults:2     Depths (5/5) D:15            Zot (5/5) Depths:5
  Sewer (visited)           IceCv (visited)

Altars:
Ashenzari
Cheibriados
Dithmenos
Elyvilon
Fedhas
Gozag
Hepliaklqana
Kikubaaqudgha
Makhleb
Nemelex Xobeh
Okawaru
Qazlal
Ru
Sif Muna
Trog
Uskayaw
Vehumet
Wu Jian
Xom
Yredelemnul
Zin
The Shining One
Beogh
Jiyva

Shops:
D:9 [   D:10 (   Orc:2 =[*(   Elf:2 [   Elf:3 *   Shoals:4 [   Vaults:1 (
Vaults:2 **   Vaults:4 =![*[   Depths:5 :=:

Portals:
Hell: Depths:1 Depths:2 Depths:3 Depths:4 Depths:5
Abyss: D:12 Depths:2 Depths:4 Depths:5
Pandemonium: Depths:3
Ziggurat: Depths:2

Annotations:
Zot:2 1 runed translucent door, Jofris Vesimp's ghost, legendary GnFE


Innate Abilities, Weirdness & Mutations

You cannot be hasted, slowed, berserked, paralysed or teleported.
You can dig through walls and to a lower floor.
You have a pair of large antennae on your head. (SInv)
Your four strong arms can wield two-handed weapons with a shield.
You are partially covered in iridescent scales. (AC +2)
Armour fits poorly on your strangely shaped body.
Your magical capacity is low. (-10% MP)


Message History

You block the orange demon's attack. You block the orange demon's attack. x3
The orange demon completely misses you.
You cut the orange demon into ribbons!!!
Your weapon exudes an aura of protection.
You kill the orange demon!
Cheibriados appreciates the change of pace.
You block the sixfirhy's attack. The sixfirhy completely misses you.
You block the sixfirhy's attack. The sixfirhy completely misses you.
You block the sixfirhy's attack.
You block the sixfirhy's attack. x2; The sixfirhy closely misses you.
You block the sixfirhy's attack. The sixfirhy completely misses you.
You see here a +0 dagger.
The sixfirhy hits you! The sixfirhy shocks you. You resist.
You block the sixfirhy's attack. The sixfirhy misses you.
You block the sixfirhy's attack. You block the sixfirhy's attack. x2
You slice the sixfirhy!!
Your weapon exudes an aura of protection.
The sixfirhy is severely wounded.
You chop the sixfirhy into pieces!!!
You kill the sixfirhy!
Cheibriados thoroughly appreciates the change of pace.
Cheibriados raises the support of your attributes as your movement slows.
(D) Dungeon (T) Temple (L) Lair (A) Shoals (N) Spider Nest (M) Slime Pits (O) Orcish Mines (E) Elven Halls (V) Vaults (C) Crypt (U) Depths (H) Hell (Z) Zot
Where to? (* - list waypoints, Enter - D:1 @ (x,y), ? - help)
There is a staircase leading out of the dungeon here.
Unknown command.
Okay, then.
Unknown command.
Okay, then.
Unknown command.
You start resting.
Magic restored.
Enter note: Woot!
Unknown command.
You have escaped!

.##...# ###.....##.### #.# #.
....#.# #............# #.# #.
###...###.#......###.######.####.
##.#.##.#......# #.............
#.##.#.######.###.######.#####
#.###..# #.....# #.# #.# ##.##
####### ### #.# #&L##
♣♣♣♣♣♣♣♣♣♣♣♣♣♣♣♣♣♣ #.#####..##
♣@♣..♣...♣♣......♣
#.##....#.##♣..♣♣..♣♣.♣♣...♣.♣
#.##.#####.#♣♣♣..♣..♣.♣.....♣.
#.##.# ##.♣..♣♣♣♣.♣♣..♣..♣♣.
#.##.# #.#♣.♣♣...♣.♣..♣.).♣.
#.##.# ##.♣..♣.♣♣♣..♣.♣.♣..♣
#.##.# #.#♣♣..♣♣♣.♣.♣..♣...♣
####.##.######.♣.♣♣♣..♣♣.♣♣......
..##.##........♣.♣...♣.♣♣.♣..♣♣..


There were no monsters in sight!

Vanquished Creatures
  3 dread liches
  4 orbs of fire
  2 ancient liches (Zot:5)
  Mara (Spider:3)
  4 juggernauts
  2 pandemonium lords (D:1)
  2 Killer Klowns (Zot:5)
  The ghost of rgbqcd the Executioner, a veteran MiBe of Trog (Vaults:4)
  Saint Roka (Orc:2)
  8 caustic shrikes
  Xtahua (Vaults:5)
  13 golden dragons
  A curse toe (Zot:4)
  Nikola (Spider:2)
  Arachne (Spider:2)
  A Brimstone Fiend (Zot:5)
  A Tzitzimitl (Zot:5)
  4 electric golems
  21 tentacled monstrosities
  5 liches
  5 quicksilver dragons
  Asterion (Depths:3)
  4 titans (Vaults:5)
  An Ice Fiend (D:1)
  25 Orb Guardians (Zot:5)
  Rupert (D:14)
  A deep elf master archer (Elf:3)
  An Executioner (D:8)
  4 deep elf blademasters (Elf:3)
  12 storm dragons
  A tentacled starspawn (Abyss:2)
  Frances (Shoals:2)
  12 shadow dragons
  13 tengu reavers
  4 sphinxes
  Roxanne (D:15)
  4 death cobs
  A storm dragon (shapeshifter) (Vaults:5)
  Donald (Vaults:1)
  7 draconian monks
  9 frost giants
  2 iron dragons
  13 fire giants
  7 draconian knights
  7 deep elf sorcerers
  9 ghost moths
  6 draconian scorchers
  21 vault wardens
  Aizul (Spider:1)
  A cacodemon (D:1)
  A juggernaut zombie (Depths:3)
  9 emperor scorpions
  5 draconian stormcallers
  6 draconian shifters
  A reaper (IceCv)
  3 war gargoyles (Vaults:5)
  6 spriggan defenders
  21 ironbound preservers
  6 deep elf elementalists
  7 draconian annihilators
  25 stone giants
  The ghost of Akaron the Severer, a journeyman MiBe of Trog (D:12)
  9 green draconians
  A blood saint (D:13)
  10 vampire knights
  26 very ugly things
  10 black draconians
  Azrael (D:12)
  A lorocyproca (Zot:5)
  9 yellow draconians
  A corrupter (D:13)
  10 dire elephants
  The ghost of makewrite the Bludgeoner, a journeyman GrBe of Trog (Lair:5)
  6 entropy weavers
  11 white draconians
  A black sun (D:13)
  9 deep elf demonologists
  9 purple draconians
  7 spark wasps
  14 red draconians
  6 deep elf annihilators (Elf:3)
  A green death (Depths:3)
  18 ettins
  9 deep elf death magi
  5 merfolk javelineers
  4 jiangshi
  14 fire dragons
  A crystal guardian (Vaults:2)
  9 merfolk impalers
  6 rakshasas
  8 ice dragons
  5 deep elf high priests
  A peacekeeper (Vaults:2)
  13 yaktaur captains
  8 ironbound thunderhulks
  5 boulder beetles
  Josephine (D:15)
  7 great orbs of eyes
  A salamander tyrant (Depths:4)
  Fannar (Lair:2)
  5 spriggan air magi
  An ogre mage (Vaults:3)
  15 hydras
  A boulder beetle (shapeshifter) (Depths:3)
  2 merfolk avatars
  2 catoblepae
  An alligator snapping turtle (Shoals:4)
  28 vault guards
  7 two-headed ogres
  A two-headed ogre (shapeshifter) (Depths:5)
  21 centaur warriors
  Erolcha (Orc:1)
  7 deep troll earth magi
  2 satyrs (Shoals:4)
  9 ironbound frosthearts
  A death knight (Vaults:2)
  25 dancing weapons
  10 deep troll shamans
  An anaconda (shapeshifter) (Vaults:5)
  9 tengu warriors
  6 death yaks (Lair:6)
  3 merfolk aquamancers
  A vampire mage (Depths:2)
  6 ironbound beastmasters
  5 hell hogs
  A thrashing horror (Abyss:2)
  A titan zombie (D:15)
  Urug (Orc:1)
  4 orc high priests
  Nergalle (Lair:3)
  7 hell knights
  3 soul eaters
  18 deep elf knights
  Sonja (Lair:2)
  7 spriggan berserkers
  3 sun demons (Depths:1)
  A shadow wraith (Vaults:2)
  4 iron trolls
  7 skeletal warriors
  A titan skeleton (Depths:3)
  3 salamander mystics (Depths:4)
  A wretched star (Abyss:2)
  2 sixfirhies (D:1)
  17 sea snakes
  A spark wasp zombie (Depths:3)
  A glowing orange brain (D:12)
  A goliath frog (shapeshifter) (Depths:3)
  3 starcursed masses (Abyss:2)
  An orange crystal statue (Depths:5)
  3 flayed ghosts
  76 deep trolls
  20 ironbound convokers
  10 wizards
  11 phantasmal warriors
  A kraken simulacrum (Shoals:4)
  A shadow dragon zombie (D:15)
  8 deep elf archers
  30 harpies
  5 necromancers
  Pikel (D:8)
  4 spectral wolf spiders (Spider:1)
  8 orc knights
  24 deep elf pyromancers
  6 wolf spider zombies (Spider:1)
  A stone giant zombie (D:15)
  A shining eye (shapeshifter) (Depths:5)
  21 deep elf zephyrmancers
  3 orc sorcerers (Orc:2)
  2 worldbinders
  68 ugly things
  13 fauns
  A tengu skeleton (Depths:3)
  26 orb spiders
  6 salamanders (Depths:4)
  28 wolf spiders
  7 cyclopes
  A manticore (shapeshifter) (Elf:1)
  6 merfolk sirens
  12 manticores
  A stone giant skeleton (Vaults:3)
  12 elephants
  A cyclops (shapeshifter) (Vaults:5)
  2 rust devils
  23 moths of wrath
  2 ice statues (IceCv)
  2 elf zombies
  A fire giant skeleton (Depths:3)
  22 vault sentinels
  2 orange demons
  4 smoke demons (Depths:1)
  7 water nymphs
  2 large abominations
  3 black mambas
  2 torpor snails
  18 cane toads
  54 yaktaurs
  7 rime drakes
  An anaconda simulacrum (IceCv)
  A yaktaur zombie (Vaults:3)
  2 freezing wraiths
  4 komodo dragons
  4 hellwings
  7 tengu conjurers
  An efreet (D:15)
  3 kobold demonologists (D:12)
  An ancient zyme (Abyss:2)
  3 meliai (D:14)
  6 ice devils (IceCv)
  35 merfolk
  8 trolls
  A polar bear (Lair:6)
  9 demonic crawlers
  30 jumping spiders
  4 wolf spider simulacra (Spider:1)
  8 wind drakes
  13 hornets
  39 blink frogs
  A tengu simulacrum (Depths:3)
  2 raiju
  10 snapping turtles
  A wind drake (shapeshifter) (D:13)
  8 dream sheep
  A meliai zombie (D:10)
  An ettin zombie (Vaults:3)
  29 slime creatures
  The ghost of Cykl0x the Slasher, an amateur GrGl (D:5)
  3 spriggans
  A deep troll skeleton (D:15)
  A shadow (D:12)
  60 redbacks
  13 tarantellas
  6 air elementals (Elf:3)
  39 yaks
  A dire elephant simulacrum (IceCv)
  A redback (shapeshifter) (Vaults:5)
  2 ynoxinuls
  14 fire elementals
  29 water elementals
  8 wraiths
  6 wyverns
  17 humans
  A steam dragon (D:8)
  3 fire bats (Depths:1)
  5 basilisks
  Eustachio (D:5)
  5 small abominations
  A catoblepas simulacrum (Abyss:2)
  Menkaure (D:6)
  3 wargs
  Edmund (D:5)
  An acid dragon (D:13)
  15 water moccasins
  Duvessa (D:6)
  A floating eye (Depths:3)
  A water moccasin (shapeshifter) (D:14)
  3 hell hounds (D:12)
  An ice beast (D:6)
  An elf simulacrum (Vaults:3)
  41 orc warriors
  The ghost of Tzialkovskiy the Chucker, an amateur TrHu (D:3)
  4 black bears
  A hornet zombie (D:8)
  3 necrophages
  A sky beast (D:6)
  7 boggarts
  13 ogres
  16 wolves
  18 centaurs
  A lemure (D:8)
  6 kobold brigands
  2 gnoll sergeants
  Blork the orc (D:5)
  15 bullfrogs
  10 earth elementals
  2 scorpions (D:5)
  A two-headed ogre simulacrum (IceCv)
  4 cane toad simulacra (IceCv)
  Dowan (D:6)
  A water moccasin skeleton (D:4)
  2 jellies
  13 wights
  2 howler monkeys
  7 electric eels
  3 centaur zombies
  2 centaur skeletons (D:7)
  2 gnoll shamans
  2 hounds
  25 orc priests
  An iron imp (D:8)
  2 scorpion zombies
  5 iguanas
  34 orc wizards
  2 troll simulacra (IceCv)
  7 hell rats (Lair:1)
  2 polar bear simulacra (IceCv)
  2 spriggan simulacra (IceCv)
  2 killer bee zombies
  A wolf simulacrum (IceCv)
  A hound skeleton (D:5)
  2 howler monkey zombies
  12 gnolls
  A howler monkey skeleton (D:7)
  4 adders
  2 naga simulacra (IceCv)
  16 river rats
  A shadow imp (D:5)
  12 white imps (Lair:2)
  3 ufetubi (IceCv)
  2 adder skeletons (D:4)
  3 worms
  2 dart slugs
  92 orcs
  9 bats
  5 endoplasms
  2 giant cockroaches (D:4)
  17 goblins
  11 hobgoblins
  A jackal (shapeshifter) (Vaults:5)
  2 jackals (Sewer)
  9 quokkas
  8 ball pythons
  4 frilled lizards (D:1)
  25 kobolds
  A quokka skeleton (D:4)
  24 rats
  A fire vortex (Depths:1)
  A lurking horror (Abyss:2)
2450 creatures vanquished.

Vanquished Creatures (others)
  A fire giant (Depths:2)
  A draconian knight (Depths:5)
  A centaur warrior (Vaults:1)
  An orb spider (Spider:2)
  A manticore (Lair:3)
  Maggie (D:8)
  2 demonic crawlers (Spider:2)
  A large abomination (Abyss:2)
  A jumping spider (Spider:2)
  A redback (Spider:2)
  A small abomination (Abyss:2)
  A white imp (IceCv)
  An ufetubus (IceCv)
  An orc (D:8)
  38 fungi
  283 plants
  A starspawn tentacle (Abyss:2)
  4 tentacles (Shoals:4)
  3 withered plants (D:15)
344 creatures vanquished.

Grand Total: 2794 creatures vanquished

Notes
Turn   | Place    | Note
-------+----------+-------------------------------------------
     0 | D:1      | Banquo the Formicid Fighter began the quest for the Orb.
     0 | D:1      | Reached XP level 1. HP: 18/18 MP: 1/1
    56 | D:1      | Reached XP level 2. HP: 23/24 MP: 2/2
   680 | D:1      | Reached XP level 3. HP: 29/29 MP: 3/3
  1519 | D:2      | Reached XP level 4. HP: 31/35 MP: 4/4
  1644 | D:2      | Found a faded altar of an unknown god.
  1651 | D:2      | Became a worshipper of Cheibriados the Contemplative
  1651 | D:2      | Reached * piety under Cheibriados
  2708 | D:3      | Reached ** piety under Cheibriados
  2710 | D:3      | Reached XP level 5. HP: 18/41 MP: 5/5
  3021 | D:3      | Found a transporter.
  3058 | D:3      | Found a transporter.
  3069 | D:3      | Found a radiant altar of Vehumet.
  3333 | D:3      | Noticed Tzialkovskiy's ghost (amateur TrHu)
  3355 | D:3      | Identified the +7 trident of Guplewoo {venom, Int+2 Dex+2}
  3355 | D:3      | Identified the +0 kite shield of Courage {Regen+ Int+5
                  | Dex-3}
  3499 | D:4      | Found a glowing drain.
  3557 | Sewer    | Entered a sewer
  3564 | Sewer    | Reached skill level 5 in Axes
  3632 | Sewer    | Noticed a kobold brigand
  3655 | Sewer    | Killed a kobold brigand
  3656 | Sewer    | Reached skill level 1 in Invocations
  3656 | Sewer    | Reached XP level 6. HP: 23/48 MP: 6/6
  3830 | Sewer    | Found a white marble altar of Elyvilon.
  4334 | D:4      | Found a shimmering altar of Xom.
  4363 | D:4      | Reached *** piety under Cheibriados
  4858 | D:5      | Entered Level 5 of the Dungeon
  4924 | D:5      | Reached XP level 7. HP: 35/53 MP: 8/8
  5019 | D:5      | Reached skill level 4 in Fighting
  5420 | D:5      | Reached XP level 8. HP: 36/60 MP: 10/10
  5422 | D:5      | You fall into a shaft and drop 1 floor!
  5896 | D:5      | Found a glowing golden altar of the Shining One.
  5957 | D:5      | Found an iron altar of Okawaru.
  5957 | D:5      | Found an ornate altar of the Wu Jian Council.
  6117 | D:5      | Found a runed translucent door.
  6120 | D:5      | Noticed Cykl0x's ghost (amateur GrGl)
  6183 | D:5      | Noticed Eustachio
  6211 | D:5      | Reached skill level 5 in Shields
  6268 | D:5      | Killed Eustachio
  6269 | D:5      | Reached skill level 1 in Stealth
  6399 | D:5      | Noticed Blork the orc
  6423 | D:5      | Killed Blork the orc
  6424 | D:5      | Reached skill level 5 in Fighting
  6517 | D:5      | Noticed Edmund
  6522 | D:5      | You fall into a shaft and drop 1 floor!
  6567 | D:6      | Noticed Duvessa
  6567 | D:6      | Noticed Dowan
  6574 | D:6      | Killed Duvessa
  6575 | D:6      | Reached XP level 9. HP: 54/68 MP: 11/11
  6580 | D:6      | Killed Dowan
  6581 | D:6      | Reached skill level 5 in Armour
  6587 | D:6      | Reached **** piety under Cheibriados
  6830 | D:5      | Identified the +12 whip "Lizaidd" {vorpal, Will+ Str+5}
  6986 | D:5      | Killed Edmund
  7136 | D:5      | Found a glowing golden altar of the Shining One.
  7176 | D:5      | Found an ornate altar of the Wu Jian Council.
  7176 | D:5      | Found an iron altar of Okawaru.
  7885 | D:6      | Found a staircase to the Ecumenical Temple.
  7988 | D:6      | Noticed Menkaure
  8002 | D:6      | Killed Menkaure
  8808 | Temple   | Entered the Ecumenical Temple
  9041 | D:7      | Noticed a troll
  9048 | D:7      | Killed a troll
  9066 | D:7      | Reached XP level 10. HP: 76/76 MP: 13/13
  9176 | D:7      | Found the +2 robe of Vines {NoPotionHeal Regen+++}
  9192 | D:7      | Noticed an eight-headed hydra
  9205 | D:7      | Killed an eight-headed hydra
  9206 | D:7      | Reached skill level 6 in Fighting
  9206 | D:7      | Reached skill level 5 in Invocations
  9208 | D:7      | You fall into a shaft and drop 3 floors!
  9208 | D:10     | Entered Level 10 of the Dungeon
  9614 | D:9      | Found a blossoming altar of Fedhas.
  9641 | D:8      | Killed Maggie
  9852 | D:8      | Identified the +4 spear of Dissatisfaction {speed, SInv}
  9981 | D:8      | Reached ***** piety under Cheibriados
 10504 | D:7      | Reached skill level 1 in Maces & Flails
 10575 | D:7      | Identified the +2 chain mail "Athul" {Harm rF+ Int-5}
 10580 | D:7      | Reached skill level 1 in Dodging
 10597 | D:7      | Reached XP level 11. HP: 68/83 MP: 15/15
 11029 | D:8      | Noticed Pikel
 11039 | D:8      | Killed Pikel
 11302 | D:8      | Found a snail-covered altar of Cheibriados.
 11551 | D:8      | Found a glowing silver altar of Zin.
 11778 | D:9      | Found Weyffos's Armour Shop.
 11839 | D:9      | Noticed a seven-headed hydra
 11850 | D:9      | Killed a seven-headed hydra
 11851 | D:9      | Reached skill level 5 in Stealth
 12161 | D:9      | Reached skill level 7 in Fighting
 12214 | D:9      | Found a staircase to the Lair.
 12859 | D:9      | Bought a +0 pair of boots of flying for 161 gold pieces
 12898 | Lair:1   | Entered Level 1 of the Lair of Beasts
 13148 | Lair:1   | Reached skill level 10 in Armour
 13370 | Lair:1   | Noticed a five-headed hydra
 13388 | Lair:1   | Killed a five-headed hydra
 13663 | Lair:1   | Reached XP level 12. HP: 88/92 MP: 17/17
 13948 | Lair:2   | Reached skill level 8 in Fighting
 13961 | Lair:2   | Noticed a five-headed hydra
 13974 | Lair:2   | Killed a five-headed hydra
 14004 | Lair:2   | Reached skill level 10 in Axes
 14034 | Lair:2   | Reached ****** piety under Cheibriados
 14072 | Lair:2   | Found a frozen archway.
 14084 | IceCv    | Entered an ice cave
 14472 | IceCv    | Reached skill level 9 in Fighting
 14811 | IceCv    | Noticed a reaper
 14822 | IceCv    | HP: 3/95 [reaper (3)]
 14825 | IceCv    | Killed a reaper
 15377 | Lair:2   | Noticed Sonja
 15378 | Lair:2   | Killed Sonja
 15426 | Lair:2   | Found a hole to the Spider Nest.
 15488 | Lair:2   | Noticed Fannar
 15502 | Lair:2   | Killed Fannar
 15503 | Lair:2   | Reached XP level 13. HP: 91/102 MP: 19/19
 15770 | Lair:2   | You are sucked into a shaft and drop 2 floors!
 15770 | Lair:4   | Noticed an eight-headed hydra
 15780 | Lair:4   | Killed an eight-headed hydra
 16595 | Lair:3   | Noticed a four-headed hydra
 16604 | Lair:3   | Killed a four-headed hydra
 16612 | Lair:3   | Reached skill level 10 in Fighting
 17057 | Lair:3   | Reached skill level 10 in Shields
 17202 | Lair:3   | Found a staircase to the Shoals.
 17290 | Lair:3   | Reached skill level 5 in Dodging
 17353 | Lair:3   | Noticed an eight-headed hydra
 17362 | Lair:3   | Killed an eight-headed hydra
 17534 | Lair:3   | Noticed Nergalle
 17538 | Lair:3   | Killed Nergalle
 18393 | D:9      | Learned a level 4 spell: Olgreb's Toxic Radiance
 18610 | Lair:4   | Noticed a six-headed hydra
 18625 | Lair:4   | Killed a six-headed hydra
 18648 | Lair:4   | Reached skill level 1 in Poison Magic
 18761 | Lair:4   | You are sucked into a shaft and drop 2 floors!
 18761 | Lair:6   | Entered Level 6 of the Lair of Beasts
 18772 | Lair:6   | Reached skill level 1 in Spellcasting
 18893 | Lair:6   | Reached XP level 14. HP: 107/111 MP: 20/20
 20563 | Lair:5   | Identified the ring of the Empty Page {rElec rPois rF-
                  | Dex+4 SInv}
 20690 | Lair:5   | Found a large runed translucent door.
 20690 | Lair:5   | Found a large runed translucent door.
 20694 | Lair:5   | Noticed makewrite's ghost (journeyman GrBe)
 20879 | Lair:5   | You are sucked into a shaft and drop 1 floor!
 20885 | Lair:6   | Reached skill level 11 in Fighting
 20917 | Lair:6   | Found a bloodstained altar of Trog.
 21659 | Lair:6   | Identified the ring "Pinaofih" {Contam rPois rC+ Will+
                  | Int+2 Stlth+}
 21693 | Lair:6   | Found a staircase to the Slime Pits.
 21713 | Lair:6   | Found a viscous altar of Jiyva.
 21769 | Lair:6   | Reached XP level 15. HP: 118/118 MP: 22/22
 22389 | Lair:6   | Reached skill level 10 in Invocations
 22422 | Lair:6   | Reached skill level 5 in Poison Magic
 22756 | D:10     | Found Zere's Weapon Shop.
 23476 | D:10     | Found Zere's Weapon Shop.
 23984 | D:11     | Identified a scroll of acquirement
 24102 | D:11     | Found a faded altar of an unknown god.
 24949 | D:12     | Found a transporter.
 24951 | D:12     | Found a one-way gate to the infinite horrors of the Abyss.
 24951 | D:12     | Noticed Akaron's ghost (journeyman MiBe)
 24977 | D:12     | Found a transporter.
 24991 | D:12     | Learned a level 3 spell: Ignite Poison
 25327 | D:12     | Noticed Azrael
 25337 | D:12     | Killed Azrael
 25412 | D:12     | Found a staircase to the Orcish Mines.
 25675 | Orc:1    | Entered Level 1 of the Orcish Mines
 25883 | Orc:1    | Noticed Urug
 25900 | Orc:1    | Killed Urug
 26064 | Orc:1    | Noticed Erolcha
 26073 | Orc:1    | Reached skill level 1 in Transmutations
 26075 | Orc:1    | Killed Erolcha
 26298 | Orc:2    | Entered Level 2 of the Orcish Mines
 26331 | Orc:2    | Found Zevuxt's Jewellery Boutique.
 26612 | Orc:2    | Reached XP level 16. HP: 127/127 MP: 23/23
 27194 | Orc:2    | Noticed Saint Roka
 27221 | Orc:2    | Killed Saint Roka
 27222 | Orc:2    | Reached skill level 12 in Fighting
 27592 | Orc:2    | Found Fybri's General Store.
 27651 | Orc:2    | Found Duvit's Antique Weapon Shop.
 27813 | Orc:2    | Found a staircase to the Elven Halls.
 27827 | Orc:2    | Bought the ring of Yendor {Wiz rElec SInv} for 530 gold
                  | pieces
 27883 | Orc:2    | Found Ynig Raracsu's Antique Armour Shop.
 27973 | Orc:2    | Found Poyher's Book Shop.
 28613 | D:13     | Found a gate to the Vaults.
 28747 | D:13     | Reached skill level 1 in Ice Magic
 28833 | D:13     | Reached skill level 5 in Spellcasting
 28916 | D:13     | Cast into level 2 of the Abyss (a wizard)
 29037 | Abyss:2  | Found a bloodstained altar of Trog.
 29041 | Abyss:2  | Identified the +2 longbow "Mirphisu" {flame, Str+4 Dex+4}
 29335 | Abyss:2  | Noticed a tentacled starspawn
 29342 | Abyss:2  | Killed a tentacled starspawn
 29535 | D:13     | Escaped the Abyss
 30268 | D:13     | Found a gate to the Vaults.
 30775 | D:14     | Found an iron altar of Okawaru.
 30827 | D:14     | Learned a level 3 spell: Ozocubu's Armour
 30843 | D:14     | Got the Handbook of Hexes
 30894 | D:14     | Reached XP level 17. HP: 133/135 MP: 20/26
 30898 | D:14     | Noticed Rupert
 30911 | D:14     | Killed Rupert
 31800 | D:15     | Entered Level 15 of the Dungeon
 32185 | D:15     | Reached skill level 15 in Shields
 32188 | D:15     | Reached skill level 5 in Ice Magic
 32393 | D:15     | Found a staircase to the Depths.
 32485 | D:15     | Noticed Josephine
 32517 | D:15     | Killed Josephine
 32724 | D:15     | Identified Roxanne's Reference Book on Changing
 32724 | D:15     | Noticed Roxanne
 32943 | Spider:1 | Entered Level 1 of the Spider Nest
 33116 | Spider:1 | You are sucked into a shaft and drop 1 floor!
 33266 | Spider:2 | Noticed Nikola
 33282 | Spider:2 | You are sucked into a shaft and drop 1 floor!
 33518 | Spider:2 | Noticed Arachne
 33524 | Spider:3 | Reached skill level 13 in Fighting
 34012 | Spider:3 | Noticed Mara
 34030 | Spider:3 | Killed Mara
 34198 | Spider:2 | Reached skill level 15 in Axes
 34208 | Spider:2 | Killed Nikola
 34209 | Spider:2 | Reached XP level 18. HP: 88/143 MP: 3/31
 34972 | Spider:1 | Noticed Aizul
 35791 | Spider:1 | You are sucked into a shaft and drop 1 floor!
 35867 | Spider:2 | Upgraded the game from 0.27.1-34-g3ba077fa99 to
                  | 0.27.1-35-g4d5d836560
 36142 | Spider:2 | Killed Arachne
 36143 | Spider:2 | Reached skill level 10 in Spellcasting
 36240 | Spider:1 | Killed Aizul
 37097 | Spider:4 | Entered Level 4 of the Spider Nest
 37779 | Spider:4 | Reached XP level 19. HP: 151/151 MP: 0/33
 38354 | Spider:4 | Reached skill level 10 in Dodging
 38448 | Spider:4 | Reached skill level 14 in Fighting
 39486 | Spider:4 | Got a gossamer rune of Zot
 39844 | D:3      | Reached skill level 10 in Ice Magic
 39850 | D:3      | Killed Tzialkovskiy's ghost
 40207 | D:5      | Killed Cykl0x's ghost
 40499 | Lair:5   | Killed makewrite's ghost
 40506 | Lair:5   | Identified the +2 long sword "Iqorghel" {venom, rC+ rN++}
 40739 | D:12     | You are sucked into a shaft and drop 3 floors!
 40822 | D:12     | Killed Akaron's ghost
 40989 | D:15     | Killed Roxanne
 41127 | D:9      | Learned a level 7 spell: Ozocubu's Refrigeration
 41191 | Elf:1    | Entered Level 1 of the Elven Halls
 41329 | Elf:1    | Found an ancient bone altar of Kikubaaqudgha.
 41710 | Elf:1    | Identified the +0 ring mail of Zozxez {rN+ Regen+}
 42070 | Elf:1    | Reached XP level 20. HP: 160/160 MP: 36/36
 42725 | Elf:2    | Found a runed translucent gate.
 42726 | Elf:2    | Found a runed translucent gate.
 42726 | Elf:2    | Found a runed translucent gate.
 42760 | Elf:2    | Found Zagaly's Armour Emporium.
 44457 | Elf:3    | Entered Level 3 of the Elven Halls
 44496 | Elf:3    | Found Haby's General Store.
 44823 | Elf:3    | Got the Tome of the Rocks
 44908 | Elf:3    | Found a shimmering altar of Xom.
 45206 | Elf:3    | Identified the ring of Fekigh {rF+ MP+9 Dex+8}
 45542 | Elf:3    | Reached skill level 15 in Fighting
 45620 | Elf:3    | Reached XP level 21. HP: 168/168 MP: 27/38
 45967 | Elf:2    | Found an ancient bone altar of Kikubaaqudgha.
 47096 | Elf:3    | Got Nevvih's Incunabulum of Earthen Conjuration
 47107 | Elf:3    | Got the Almanac of Ashen Ignition
 47283 | Elf:3    | Found Haby's General Store.
 47705 | Elf:3    | Found a shimmering altar of Xom.
 48077 | Shoals:1 | Entered Level 1 of the Shoals
 48357 | Shoals:1 | Identified the +5 spear of Springtime {venom, rC+++ rN+
                  | Str+3 Dex+3}
 49372 | Shoals:1 | Acquired a manual of Dodging
 49544 | Shoals:2 | Noticed Frances
 49578 | Shoals:2 | Killed Frances
 52093 | Shoals:4 | Entered Level 4 of the Shoals
 52211 | Shoals:4 | Reached skill level 15 in Spellcasting
 52899 | Shoals:4 | Reached XP level 22. HP: 175/175 MP: 41/41
 52975 | Shoals:4 | Got the Papyrus of Feathery Transmutation
 53397 | Shoals:4 | Got a barnacled rune of Zot
 53738 | Shoals:4 | Identified the +7 fustibalus "Earthworm" {vorpal, rElec
                  | rC+}
 54136 | Shoals:4 | Found Hoakul's Armour Boutique.
 54956 | Vaults:1 | Entered Level 1 of the Vaults
 55601 | Vaults:1 | Reached skill level 16 in Fighting
 55968 | Vaults:1 | Noticed Donald
 55979 | Vaults:1 | Killed Donald
 56110 | Vaults:1 | Reached XP level 23. HP: 184/184 MP: 38/42
 56427 | Vaults:1 | Found Cego's Weapon Shop.
 56759 | Vaults:1 | Identified the +1 leather armour of Past Mistakes {rC++
                  | Str-3 Dex+4 SInv}
 57658 | Vaults:2 | Found a staircase to the Crypt.
 57731 | Vaults:2 | Identified the +3 quarterstaff of Festooned Prudence
                  | {vorpal, rF++ rC+ Will+ Dex-3}
 58264 | Vaults:2 | Found Vieme's Assorted Antiques.
 58275 | Vaults:2 | Bought a glowing battleaxe for 313 gold pieces
 58575 | Vaults:2 | Found Elo Cauq's Assorted Antiques.
 60125 | Vaults:3 | Identified the +7 great sword of Ruos {drain, +Blink rC-
                  | Str+6 Int-5}
 60148 | Vaults:3 | Reached XP level 24. HP: 189/193 MP: 42/42
 61600 | Vaults:4 | Found Honlebekh's Jewellery Boutique.
 61604 | Vaults:4 | Bought the amulet of the Four Winds {rN+ Will+++ Clar} for
                  | 482 gold pieces
 61604 | Vaults:4 | Found the amulet of the Four Winds {rN+ Will+++ Clar}
 61616 | Vaults:4 | Found Vugenwitz's Antique Armour Shoppe.
 61759 | Vaults:4 | Found Bott's Armour Emporium.
 61900 | Vaults:4 | Reached skill level 15 in Dodging
 62106 | Vaults:4 | Reached skill level 17 in Fighting
 62111 | Vaults:4 | Reached skill level 15 in Ice Magic
 62785 | Vaults:4 | Found Ziraun's Assorted Antiques.
 62807 | Vaults:4 | Reached skill level 10 in Stealth
 63055 | Vaults:4 | Found a portal to a secret trove of treasure.
 63130 | Vaults:4 | Found a runed translucent gate.
 63130 | Vaults:4 | Found a runed translucent gate.
 63130 | Vaults:4 | Found a runed translucent gate.
 63137 | Vaults:4 | Identified the amulet of the Howling Traitor {+Blink Regen+
                  | Dex+3}
 63256 | Vaults:4 | Found Zaschier's Distillery.
 63535 | Vaults:4 | Noticed rgbqcd's ghost (veteran MiBe)
 63565 | Vaults:4 | Killed rgbqcd's ghost
 63719 | Vaults:4 | Identified the +2 hat "Avvotain" {rC+ Int+7 Slay+3}
 64113 | Vaults:4 | You paid a toll of 4 scrolls of fear to enter a treasure
                  | trove
 64114 | Trove    | Entered a treasure trove
 64131 | Trove    | Got the Collected Works on Ashen Attacks
 64172 | Trove    | Got Sif Muna's Papyrus of Combat Magic and Enchantment
 64175 | Trove    | Got Sopos's Catalogue of Malediction and Dark Arts
 64178 | Trove    | Got the Catalogue of Ignition and Evil
 64543 | Depths:1 | Entered Level 1 of the Depths
 64738 | Depths:1 | Found a shadowy altar of Dithmenos.
 64804 | Depths:1 | Found a broken altar of Ashenzari.
 65526 | Depths:1 | Found a gateway to Hell.
 65944 | Depths:2 | Reached XP level 25. HP: 202/202 MP: 37/42
 66387 | Depths:2 | Found a runed translucent door.
 66396 | Depths:2 | Noticed a caustic shrike
 66706 | Depths:2 | Identified the +1 chain mail of the Okapi {Str+4 Int+4
                  | Slay-3}
 67207 | Depths:2 | Found a gateway to a ziggurat.
 67316 | Depths:2 | Found a runed translucent door.
 67321 | Depths:2 | Killed a caustic shrike
 67334 | Depths:2 | Noticed a juggernaut
 67347 | Depths:2 | Identified the amulet of Joy {Faith rC+}
 67511 | Depths:3 | Found a one-way gate leading to the halls of Pandemonium.
 67574 | Depths:3 | Reached skill level 18 in Fighting
 67705 | Depths:3 | Noticed Asterion
 67784 | Depths:3 | Killed Asterion
 68057 | Depths:3 | Identified the +0 quarterstaff of Yreqeng {drain, Dex+3}
 68316 | Depths:3 | Found an opulent altar of Gozag.
 69006 | Depths:3 | Found an iron altar of Okawaru.
 69037 | Depths:3 | Reached XP level 26. HP: 203/213 MP: 43/43
 69763 | Depths:3 | Reached skill level 19 in Fighting
 70128 | Depths:3 | Identified the +3 robe of Hairiness {rC+ Dex+7}
 70186 | Depths:3 | Found a hide-covered altar of Uskayaw.
 70288 | Depths:3 | Found an ancient bone altar of Kikubaaqudgha.
 70514 | Depths:3 | Identified the +5 scale mail "Jukkan" {rF+ rCorr Int-3}
 70615 | Depths:3 | Found a shadowy altar of Dithmenos.
 70767 | Depths:3 | Found an iron altar of Okawaru.
 70819 | Depths:3 | Found a hide-covered altar of Uskayaw.
 70856 | Depths:3 | Found an ancient bone altar of Kikubaaqudgha.
 70884 | Depths:3 | Found a shadowy altar of Dithmenos.
 71350 | Depths:3 | Found an opulent altar of Gozag.
 71431 | Depths:3 | Found a one-way gate leading to the halls of Pandemonium.
 73015 | Depths:4 | Reached skill level 20 in Fighting
 73015 | Depths:4 | Reached XP level 27. HP: 224/224 MP: 45/45
 73293 | Depths:4 | Noticed a juggernaut
 73310 | Depths:4 | Killed a juggernaut
 74677 | Depths:5 | Entered Level 5 of the Depths
 74724 | Depths:5 | Noticed a juggernaut
 74737 | Depths:5 | Killed a juggernaut
 74837 | Depths:5 | Learned a level 6 spell: Iron Shot
 74840 | Depths:5 | Noticed a juggernaut
 74855 | Depths:5 | Killed a juggernaut
 74856 | Depths:5 | Reached skill level 1 in Earth Magic
 74860 | Depths:5 | Found Faad's Book Boutique.
 74861 | Depths:5 | Found Intoz's Jewellery Emporium.
 74862 | Depths:5 | Found Bemodog's Book Boutique.
 74991 | Depths:5 | Reached skill level 1 in Conjurations
 75100 | Depths:5 | Found a gate to the Realm of Zot.
 75255 | Depths:5 | Reached skill level 21 in Fighting
 76487 | Vaults:2 | Bought an embroidered scarf for 264 gold pieces
 76562 | Vaults:4 | Bought a runed scarf for 240 gold pieces
 76675 | Vaults:5 | Entered Level 5 of the Vaults
 76701 | Vaults:5 | Reached skill level 5 in Earth Magic
 76867 | Vaults:5 | Identified the +9 rapier of Tartarus {freeze, Int+2 Dex+3
                  | SInv}
 76918 | Vaults:5 | Reached skill level 5 in Conjurations
 76918 | Vaults:5 | Identified the +7 hunting sling of a sewer {flame, rElec}
 76922 | Vaults:5 | Got a silver rune of Zot
 77205 | Vaults:5 | Identified the +6 shortbow of Departure {freeze, rF+ rC+
                  | rCorr}
 77322 | Vaults:5 | Identified the +6 plate armour "Picwunlo" {rCorr Int+3}
 77505 | Vaults:5 | Identified the ring of the Leaf {Str+5 Int+6}
 77533 | Vaults:5 | Noticed a dread lich
 77539 | Vaults:5 | Killed a dread lich
 77539 | Vaults:5 | Identified the ring of Pileimuq {Slay+4 SInv}
 77627 | Vaults:5 | Identified the +2 chain mail of Trial and Error {Harm rElec
                  | rC- Str+3}
 77700 | Vaults:5 | Identified the ring "Vudoorphe" {rCorr Str+7 Int-2 Slay+3}
 77754 | Vaults:5 | Identified the +5 chain mail of Assi {rElec rF+ rC+ Int+2}
 78539 | Vaults:5 | Identified the +6 mace "Zezib" {freeze, rN+ rCorr Int+2}
 78554 | Vaults:5 | Noticed a dread lich
 78741 | Vaults:5 | Noticed Xtahua
 78747 | Vaults:5 | Killed Xtahua
 78766 | Vaults:5 | Killed a dread lich
 78949 | Vaults:5 | Got the Catalogue of Creative Malediction
 78964 | Vaults:5 | Identified the +0 pair of gloves of Cyla {rElec Will+}
 79032 | Vaults:5 | Reached skill level 22 in Fighting
 80483 | Orc:2    | Bought a warped plate armour for 812 gold pieces
 80483 | Orc:2    | Identified the +9 plate armour of Untruth {rN+ rCorr Str+8
                  | SInv} (You bought it in a shop on level 2 of the Orcish
                  | Mines)
 80569 | Elf:3    | Bought a potion of curing for 48 gold pieces
 80814 | Vaults:4 | Bought a potion of resistance for 130 gold pieces
 80814 | Vaults:4 | Bought a potion of brilliance for 52 gold pieces
 80814 | Vaults:4 | Bought a potion of cancellation for 104 gold pieces
 80814 | Vaults:4 | Bought a potion of curing for 39 gold pieces
 80814 | Vaults:4 | Bought a potion of mutation for 104 gold pieces
 81268 | Depths:2 | Killed a juggernaut
 81429 | Zot:1    | Entered Level 1 of the Realm of Zot
 81504 | Zot:1    | Identified the +2 quarterstaff "Osiry" {vorpal, Drain
                  | Str+3}
 81555 | Zot:1    | Reached skill level 10 in Earth Magic
 81619 | Depths:5 | Bought a manual of Shields for 1760 gold pieces
 83214 | Zot:2    | Reached skill level 23 in Fighting
 83450 | Zot:2    | Found a runed translucent door.
 83452 | Zot:2    | Found a shimmering altar of Xom.
 83452 | Zot:2    | Noticed Jofris Vesimp's ghost (legendary GnFE)
 83477 | Zot:2    | Identified the +3 pair of boots of the Original Sin {rC+
                  | rCorr Dex+3}
 84077 | Zot:3    | Identified the +2 leather armour of Terror {Will+}
 84170 | Zot:3    | You fall into a shaft and drop 1 floor!
 84181 | Zot:4    | Noticed an orb of fire
 84188 | Zot:4    | Gained mutation: You are partially covered in iridescent
                  | scales. (AC +2) [an orb of fire]
 84189 | Zot:4    | Killed an orb of fire
 84288 | Zot:3    | Acquired 683 gold pieces
 84423 | Zot:3    | Reached skill level 24 in Fighting
 85396 | Zot:4    | Learned a level 5 spell: Lee's Rapid Deconstruction
 85584 | Zot:5    | Entered Level 5 of the Realm of Zot
 85822 | Zot:5    | Reached skill level 25 in Fighting
 86286 | Zot:5    | Noticed an ancient lich
 86300 | Zot:5    | Killed an ancient lich
 86797 | Zot:5    | Noticed a dread lich
 86809 | Zot:5    | Killed a dread lich
 86841 | Zot:5    | Reached skill level 26 in Fighting
 86841 | Zot:5    | Noticed an orb of fire
 86845 | Zot:5    | Killed an orb of fire
 86847 | Zot:5    | Noticed a Killer Klown
 86861 | Zot:5    | Killed a Killer Klown
 87136 | Zot:5    | Noticed an ancient lich
 87142 | Zot:5    | Noticed an orb of fire
 87150 | Zot:5    | Killed an orb of fire
 87150 | Zot:5    | Noticed an orb of fire
 87157 | Zot:5    | Killed an orb of fire
 87170 | Zot:5    | Killed an ancient lich
 87203 | Zot:5    | Noticed a Killer Klown
 87207 | Zot:5    | Killed a Killer Klown
 87208 | Zot:5    | Reached skill level 27 in Fighting
 88436 | Zot:5    | Got the Orb of Zot
 88963 | D:1      | Noticed Wusios the pandemonium lord
 88984 | D:1      | Killed Wusios the pandemonium lord
 89056 | D:1      | Noticed Lusok the pandemonium lord
 89059 | D:1      | Gained mutation: Your magical capacity is low. (-10% MP) [a
                  | cacodemon]
 89060 | D:1      | Gained mutation: Armour fits poorly on your strangely
                  | shaped body. [a cacodemon]
 89067 | D:1      | Killed Lusok the pandemonium lord
 89102 | D:1      | Woot!
 89103 | D:$      | Escaped with the Orb!

Illustrated notes

.##...# ###.....##.### #.# #.
....#.# #............# #.# #.
###...###.#......###.######.####.
##.#.##.#......# #.............
#.##.#.######.###.######.#####
#.###..# #.....# #.# #.# ##.##
####### ### #.# #&L##
♣♣♣♣♣♣♣♣♣♣♣♣♣♣♣♣♣♣ #.#####..##
♣@♣..♣...♣♣......♣
#.##....#.##♣..♣♣..♣♣.♣♣...♣.♣
#.##.#####.#♣♣♣..♣..♣.♣.....♣.
#.##.# ##.♣..♣♣♣♣.♣♣..♣..♣♣.
#.##.# #.#♣.♣♣...♣.♣..♣.).♣.
#.##.# ##.♣..♣.♣♣♣..♣.♣.♣..♣
#.##.# #.#♣♣..♣♣♣.♣.♣..♣...♣
####.##.######.♣.♣♣♣..♣♣.♣♣......
..##.##........♣.♣...♣.♣♣.♣..♣♣..


Turn 89102 on D:1: Woot!

Levels and vault maps discovered:
D:1:      erik_arrival_cave_to_civilisation [erik_arrival_cave_to_temple],
          layout_loops_ring
D:2:      layout_loops_corners, shapermc_ecumenical_altar_totnotflames,
          fountainhead
D:3:      layout_rooms, nicolae_vehumet_altar_sigil,
          gammafunk_ghost_gnarly_gnolls
D:4:      layout_basic, mainiacjoe_overflow_small_starburst,
          cheibrodos_sewer_entry_drain, serial_co_window_serial,
          co_window_of_opportunity_a, co_window_corner_a, co_window_cross_1,
          co_window_paths_a, co_window_of_opportunity_a, co_window_broadway_a,
          co_window_cross_4, co_window_2corner, co_window_paths_c,
          co_window_paths_c, co_window_corner_b, co_window_of_opportunity_b,
          co_window_4corner_b, glass_columns_a
D:5:      corexii_shack_village, layout_basic, tso_metal_star,
          chequers_temple_overflow_statue_of_worship, gammafunk_ghost_grave,
          serial_park_tiny_pond, st_stairs_13, minmay_circle_x, uniq_edmund,
          uniq_eustachio, uniq_blork_the_orc
D:6:      layout_gridville, minmay_temple_entry_slanted, uniq_duvessa,
          uniq_menkaure
D:7:      layout_basic, enter_bailey_7, hellmonk_guarded_unrand_vines
D:8:      layout_basic, zin_treasury, slow_altar_1, lemuel_flamethrower_2,
          uniq_maggie, uniq_pikel
D:9:      layout_roguey, fedhas_ov_isle_minmay, grunt_lair_entry_orc_guard_hut,
          serial_shops, nicolae_square_shop
D:10:     layout_roguey, serial_shops, shop_coins
D:11:     layout_cave_pools, serial_column_ruins, column_ruins_circle_medium,
          column_ruins_temple_hut, column_ruins_open_tiny,
          column_ruins_open_tiny, column_ruins_corridor_water,
          column_ruins_open_small, column_ruins_open_large, column_ruins_grid_4,
          column_ruins_open_small
D:12:     layout_cave_pools, erik_orc_4, gammafunk_ghost_abyssal_escape,
          uniq_azrael
D:13:     layout_basic, david_vaults_3
D:14:     layout_basic, okawaru_trees_2, grunt_ministairs_7, uniq_rupert
D:15:     gammafunk_depths_entry_grave, layout_irregular_city,
          hangedman_decor_cross_pass, abandoned_shop, uniq_josephine,
          uniq_roxanne
Temple:   zaba_magenta_temple
Lair:1:   lemuel_ratsnest, layout_concentric_octagons
Lair:2:   layout_layer_cave, nicolae_spider_entry_orb_guardian,
          portal_ice_cave_entry_imps, grunt_megastairs_2, uniq_fannar,
          uniq_sonja
Lair:3:   wander_river, layout_layer_cave, minmay_shoals_entry_beasts,
          st_stairs_8, grunt_megastairs_3, uniq_nergalle
Lair:4:   layout_regular_city
Lair:5:   layout_cave_pods, ebering_ghost_disaster_area,
          kennysheep_basilisk_garden, grunt_megastairs_4
Lair:6:   grunt_lair_end_beastmaster, layout_cave_pods, slime_altar_1,
          basic_altar
Shoals:1: layout_shoals
Shoals:2: layout_shoals, uniq_frances
Shoals:3: layout_shoals
Shoals:4: shoals_end_grunt_ice, layout_shoals, serial_shops, shop
Spider:1: layout_spider_delve, nicolae_spider_undead_wolf_pack, uniq_aizul
Spider:2: layout_spider_delve, uniq_nikola, uniq_arachne
Spider:3: layout_spider_delve, nicolae_spider_bzzzt, uniq_mara
Spider:4: guppyfry_spider_rune, drop_trap
Orc:1:    layout_caves, kennysheep_orc_chapel, uniq_urug, uniq_erolcha
Orc:2:    grunt_orc_cross, layout_caves, serial_shops, shop, minmay_orc_temple_b
Elf:1:    layout_gridlike, basic_altar, minmay_elf_crystal_heptagon,
          hellmonk_bongcloud_opening
Elf:2:    nicolae_elf_blades_crystal_corner, layout_geoelf_octagon,
          serial_shops, shop, lemuel_upstairs_altar
Elf:3:    minmay_elf_hall_quartered_circle, layout_loops_ring, serial_shops,
          shop, basic_altar, grunt_ministairs_4,
          nicolae_elf_loose_elemental_storage
Vaults:1: st_cells, vaults_room_pools, v_misc_19, v_misc_15,
          nicolae_vaults_what_the_h, vaults_standard_mumra_lines, v_misc_28,
          vaults_room_boxed, nicolae_vaults_big_ls, v_rooms_4,
          vaults_room_hallway, ontoclasm_vaults_pinch,
          layout_vaults_maze_snakey, serial_shops, nicolae_shop_crystal,
          uniq_donald
Vaults:2: nicolae_vaults_circle_grid_a, hangedman_vaults_nails, v_alt_pattern_1,
          nicolae_vaults_little_ls, hangedman_vaults_hat,
          dpeg_vaults_monster_box, vaults_room_door_hall,
          ontoclasm_vaults_shuriken, nicolae_vaults_network_star,
          ontoclasm_vaults_ligature, hangedman_vaults_maws,
          ontoclasm_vaults_idyll, minmay_crypt_entry_simple_sparse, v_misc_24,
          nicolae_vaults_little_squares_6, layout_vaults_omnibox, serial_shops,
          nicolae_lakefront_shop, nicolae_shop_window_shopping
Vaults:3: v_misc_5, nicolae_vaults_specimen_jars, v_pattern_4,
          hangedman_vaults_snaps, vaults_room_fours, nicolae_vaults_alarming,
          v_misc_14, hangedman_vaults_maws, v_misc_16, layout_vaults_omnicross
Vaults:4: gammafunk_vaults_ghost_tricky_traps, grunt_vaults_focal,
          vaults_dpeg_diagonal, hangedman_vaults_slice, vaults_mumra_chevron,
          ontoclasm_vaults_fault, ontoclasm_vaults_decontamination, v_misc_13,
          layout_vaults_omnigrid, serial_shops, shop, shop, shop,
          nicolae_square_shop, nicolae_shop_overgrown_old_shop,
          nicolae_trove_entry_crossroad
Vaults:5: serial_shops, uniq_xtahua, uniq_margery
Depths:1: layout_gridlike, hellmouth_3, ashenzari_altar_1,
          grunt_dithmenos_smoke_and_mirrors
Depths:2: minmay_expanding_circles, layout_gridlike, enter_ziggurat_a,
          abyss_entry, hell_entry, dk_noncrumbling_2, serial_bayou_shore_b,
          serial_bayou_shore_a
Depths:3: hangedman_box_tower, layout_gridlike, hell_entry,
          rand_demon_pan_entry_7, chequers_serial_rivers_room_a,
          kennysheep_flooded_box, minmay_misc_feat_enclosed, uniq_asterion
Depths:4: cross_vault, layout_cave_pools, minmay_misc_feat_alley,
          abyss_entry_small_statue_room, pf_hell_entry_tar_spiral, firewood_loft
Depths:5: grunt_crosshair, layout_honeycomb, chequers_serial_rivers_small_3,
          pf_hell_entry_great_geh, abyss_entry, minivault_16, minmay_shop_grove
Zot:1:    layout_basic, grunt_ministairs_1, st_stairs_9, bh_zot_lava_cross,
          grunt_megastairs_5
Zot:2:    layout_misc_corridors, ebering_ghost_xom
Zot:3:    layout_gridlike, hangedman_elemental_corridor
Zot:4:    layout_misc_corridors, grunt_ministairs_10
Zot:5:    layout_misc_corridors, skrybe_zot_glass_1

Skill      XL: |  1  2  3  4  5  6  7  8  9 10 11 12 13 14 15 16 17 18 19 20 21 22 23 24 25 26 27 |
---------------+----------------------------------------------------------------------------------+-----
Axes           | 3 4 5 6 7 8 9 10 11 12 13 14 15 16 17 18 19 | 19.9
Shields        | 4 5 6 8 9 11 12 13 14 15 16 17 23 | 23.2
Invocations    | 1 3 4 5 7 8 9 10 11 12 | 12.0
Fighting       | 4 5 6 7 9 10 11 12 13 14 15 16 17 18 20 27 | 27.0
Armour         | 4 6 8 10 12 | 12.5
Stealth        | 1 3 4 5 6 7 8 10 | 10.0
Maces & Flails | 2 |  2.0
Dodging        | 1 3 4 5 6 7 8 9 10 13 14 16 | 16.9
Poison Magic   | 1 4 6 7 |  7.1
Spellcasting   | 1 3 4 6 9 10 12 13 15 16 18 21 | 21.0
Transmutations | 1 3 |  3.0
Ice Magic      | 4 7 8 10 12 13 14 15 16 | 16.0
Earth Magic    | 11 | 11.0
Conjurations   | 9 |  9.0

Action                   |  1- 3 |  4- 6 |  7- 9 | 10-12 | 13-15 | 16-18 | 19-21 | 22-24 | 25-27 || total
-------------------------+-------+-------+-------+-------+-------+-------+-------+-------+-------++-------
Melee: War axe           |   101 |   177 |   160 |       |       |       |       |       |       ||   438
       Whip              |       |       |    73 |   551 |    75 |   180 |       |       |       ||   879
       Broad axe         |       |       |       |    18 |   840 |   766 |   842 |       |       ||  2466
       Staff             |       |       |       |       |       |    24 |       |       |       ||    24
       Battleaxe         |       |       |       |       |       |       |    86 |   723 |  2375 ||  3184
       Spear             |       |       |       |       |       |       |       |    15 |    12 ||    27
Throw: Dart              |       |       |       |       |     5 |    13 |     7 |       |       ||    25
       Stone             |       |       |       |       |     3 |       |       |       |       ||     3
       Boomerang         |       |       |       |       |       |       |       |       |     1 ||     1
 Cast: Olgreb's Toxic Ra |       |       |       |       |       |   107 |   108 |     9 |     6 ||   230
       Ignite Poison     |       |       |       |       |       |    50 |    56 |     3 |     4 ||   113
       Ozocubu's Armour  |       |       |       |       |       |    24 |    32 |    23 |    96 ||   175
       Ozocubu's Refrige |       |       |       |       |       |       |   100 |   221 |   231 ||   552
       Iron Shot         |       |       |       |       |       |       |       |       |    23 ||    23
       Lee's Rapid Decon |       |       |       |       |       |       |       |       |     4 ||     4
Invok: Bend Time         |       |       |     3 |     5 |    15 |     9 |    20 |       |       ||    52
       Temporal Distorti |       |       |     1 |       |       |       |       |     1 |       ||     2
       Step From Time    |       |       |       |     1 |       |       |       |       |       ||     1
       Slouch            |       |       |       |     4 |       |     4 |     2 |     1 |    24 ||    35
 Abil: Dig               |     1 |     5 |    11 |    37 |    55 |    82 |    48 |     5 |   102 ||   346
       Shaft Self        |       |       |     2 |     1 |       |     2 |     1 |       |       ||     6
  Use: Scroll            |       |     9 |     3 |     7 |     6 |     3 |     4 |       |    22 ||    54
       Potion            |       |       |     1 |     1 |       |       |       |       |     2 ||     4
 Stab: Distracted        |       |       |       |     1 |     3 |     7 |     5 |       |    10 ||    26
       Sleeping          |       |       |       |       |     2 |     6 |     7 |    14 |    23 ||    52
       Invisible         |       |       |       |       |       |     4 |       |       |       ||     4
       Held in net/web   |       |       |       |       |       |       |     2 |       |       ||     2
Armor: Scale mail        |    47 |    36 |       |       |       |       |       |       |       ||    83
       Chain mail        |       |    46 |    70 |       |       |       |       |       |       ||   116
       Plate armour      |       |       |     6 |   107 |   115 |       |       |       |       ||   228
       Robe              |       |       |       |       |    24 |    98 |   100 |    71 |   221 ||   514
Dodge: Dodged            |    16 |    41 |    41 |   105 |   186 |   300 |   298 |   406 |  1043 ||  2436
Block: Kite shield       |    58 |   111 |   106 |   303 |       |       |       |       |       ||   578
       Tower shield      |       |       |       |    19 |   896 |   985 |   904 |   783 |  2082 ||  5669
       Reflection        |       |       |       |     2 |     5 |       |     2 |       |       ||     9
